 Dungeon Crawl Stone Soup version 0.26-a0-466-g989023bd0d (webtiles) character file.

Game seed: 17883649053469293204

93 Ishchenko the Slasher (level 4, 0/37 HPs)
             Began as a Human Berserker on July 29, 2020.
             Was a Follower of Trog.
             Succumbed to an adder's poison
             ... on level 2 of the Dungeon.
             The game lasted 00:03:00 (1641 turns).

Ishchenko the Slasher (Human Berserker)             Turns: 1641, Time: 00:03:01

Health: 0/37       AC:  3    Str: 18    XL:     4   Next: 91%
Magic:  4/4        EV: 12    Int:  8    God:    Trog [*.....]
Gold:   65         SH:  0    Dex: 12    Spells: 3/3 levels left

rFire    + . .     SeeInvis .   a - +0 falchion
rCold    + . .     Faith    .   (no shield)
rNeg     . . .     Spirit   .   b - +0 animal skin
rPois    +         Reflect  .   g - +0 helmet
rElec    +         Harm     .   (no cloak)
rCorr    +                      (no gloves)
MR       .....                  (no boots)
Stlth    +.........             (no amulet)
HPRegen  0.12/turn              (no ring)
MPRegen  0.09/turn              (no ring)

@: lethally poisoned (0 -> -3), resistant, berserk cooldown, stab, slowed, very
slow
A: no striking features
a: Berserk, Renounce Religion


You were on level 2 of the Dungeon.
You worshipped Trog.
Trog was aware of your devotion.
You visited 1 branch of the dungeon, and saw 2 of its levels.

You collected 65 gold pieces.

Inventory:

Hand Weapons
 a - a +0 falchion (weapon)
Armour
 b - a +0 animal skin (worn)
 g - a +0 helmet (worn)
Scrolls
 c - a scroll of blinking {unknown}
 f - a scroll of identify {unknown}
 k - a scroll of random uselessness {unknown}
Potions
 d - a potion of berserk rage {unknown}
 e - a potion of resistance
 h - a potion of flight {unknown}
 i - a potion of stabbing
 j - a potion of haste {unknown}
 l - a potion of curing {unknown}


   Skills:
 + Level 3.8 Fighting
 + Level 4.3 Long Blades
 + Level 2.1 Armour
 + Level 2.2 Dodging
 + Level 0.4 Stealth


You had 3 spell levels left.
You didn't know any spells.
Your spell library was empty.

Dungeon Overview and Level Annotations

Branches:
Dungeon (2/15)

Altars:


Message History

Trog accepts your kill.
* * * LOW HITPOINT WARNING * * *
You feel sick.
There is an open door, spattered with blood here.
Items here: $ ) ††.
Unknown command.
You feel a strong urge to attack something.
Unknown command.
You slam the door shut with a bang, pushing everything out of the way!
You are no longer berserk.
You are exhausted.
You feel yourself slow down.
* * * LOW HITPOINT WARNING * * *
You feel sick.
There is a lethal amount of poison in your body!
It was a potion of stabbing.
You feel ready to backstab.
It was a potion of resistance.
You feel protected.
You die...

#.......#
#....
#.......#
#....
#.......#
#....
#.......#
#.#.#
#.......#
#.#.#
#.......#
#.#.#
#.......#
#.#.# #+#
#.#.#
#@#######
#.#.#
#.......#
#.#.#
#######.#
#....
#.########.#
#...)......#
############


There were no monsters in sight!

Vanquished Creatures
  Natasha (twice) (D:2)
  A gnoll (D:1)
  An adder (D:2)
  2 leopard geckos
  2 giant cockroaches (D:1)
  3 goblins
  3 hobgoblins
  3 bats (D:1)
  3 frilled lizards (D:1)
  3 kobolds (D:2)
  2 rats (D:1)
25 creatures vanquished.

Notes
Turn   | Place    | Note
-------+----------+-------------------------------------------
     0 | D:1      | Ishchenko the Human Berserker began the quest for the Orb.
     0 | D:1      | Reached XP level 1. HP: 18/18 MP: 1/1
   281 | D:1      | Reached XP level 2. HP: 24/24 MP: 2/2
   338 | D:1      | Reached XP level 3. HP: 8/29 MP: 3/3
  1271 | D:2      | Noticed Natasha
  1286 | D:2      | Killed Natasha
  1286 | D:2      | Reached skill level 4 in Long Blades
  1286 | D:2      | Reached XP level 4. HP: 11/35 MP: 4/4
  1618 | D:2      | Noticed Natasha
  1632 | D:2      | Killed Natasha
  1636 | D:2      | HP: 2/55 [poisoned by an adder]
  1641 | D:2      | Succumbed to an adder's poison

Illustrated notes

Levels and vault maps discovered:
D:1:      dpeg_arrival_water_fire, layout_basic, nrook_loot_triangle,
          grunt_decor_one_mirror
D:2:      layout_basic, uniq_natasha

Skill      XL: |  1  2  3 |
---------------+----------+-----
Long Blades    | 4 |  4.3
Fighting       | |  3.8
Armour         | |  2.1
Dodging        | |  2.2
Stealth        | |  0.4

Action                   |  1- 3 |  4- 6 || total
-------------------------+-------+-------++-------
Melee: Falchion          |    48 |    22 ||    70
Invok: Berserk           |       |     1 ||     1
  Use: Potion            |       |     2 ||     2
Armor: Animal skin       |     6 |     3 ||     9
Dodge: Dodged            |    29 |     7 ||    36
       Rpst.: Falchion   |     7 |     4 ||    11

Table legend: (Time is in decaauts)
 A = Elapsed time spent in this place.
 B = Non-inter-level travel time spent in this place.
 C = Inter-level travel time spent in this place.
 D = Time resting spent in this place.
 E = Time spent auto-exploring this place.
 F = Levels seen in this place.
 G = Mean time per level.
                   A        B        C        D        E       F      G
               +--------+--------+--------+--------+--------+-----+--------+
         Total |   1660 |   1594 |     66 |    473 |    925 |   2 |  830.0 |
       Dungeon |   1660 |   1594 |     66 |    473 |    925 |   2 |  830.0 |
               +--------+--------+--------+--------+--------+-----+--------+

Top non-repeatable levels by time:
     D:1: 1247 daAuts
     D:2: 412 daAuts
